 Dungeon Crawl Stone Soup version 0.31-a0-949-g57150269e1 (webtiles) character file.

Game seed: 14236450439440530823

242 innerfire43 the Ruffian (level 6, -1/47 HPs)
             Began as a Gnoll Shapeshifter on Oct 22, 2023.
             Slain by a goblin
             ... wielding a +0 club
             ... led by Robin
              (5 damage)
             ... on level 4 of the Dungeon.
             The game lasted 00:03:02 (2609 turns).

innerfire43 the Ruffian (Gnoll Shapeshifter)        Turns: 2609, Time: 00:03:02

Health: -1/47      AC:  2    Str: 23    XL:     6   Next: 9%
Magic:  17/17      EV: 14    Int:  7    God:
Gold:   192        SH:  5    Dex: 14    Spells: 8/8 levels left

rFire   . . .        s - +2 flail of the Middle {vamp, Str+7 Int-2 Dex+3}
rCold   . . .        (no shield)
rNeg    . . .        a - +0 animal skin
rPois   .            k - melded +0 helmet
rElec   .            (cloak currently unavailable)
rCorr   .            (gloves currently unavailable)
SInv    .            (boots currently unavailable)
Will    .....        h - amulet of reflection
Stlth   ++           f - ring of magical power
HPRegen 0.27/turn    (no ring)
MPRegen 0.15/turn

%: reflection
@: beast-form
A: beast (slay +3), fangs 1, strong nose, distributed training
a: Begin Untransformation


You were on level 4 of the Dungeon.
You were a hulking beast.
You visited 1 branch of the dungeon, and saw 4 of its levels.

You collected 192 gold pieces.

Inventory:

Hand Weapons
 s - the +2 flail of the Middle (weapon) {vamp, Str+7 Int-2 Dex+3}
   (You found it on level 4 of the Dungeon)

   Str+7:     It affects your strength (+7).
   Int-2:     It affects your intelligence (-2).
   Dex+3:     It affects your dexterity (+3).
Armour
 a - a +0 animal skin (worn)
 k - a +0 helmet (melded)
Jewellery
 f - a ring of magical power (left hand)
 h - an amulet of reflection (around neck)
Talismans
 c - a beast talisman (active)
 d - a flux talisman
 l - a blade talisman
Scrolls
 e - 2 scrolls of vulnerability {unknown}
 i - a scroll of enchant armour {unknown}
 j - a scroll of fog {unknown}
 n - 2 scrolls of identify {unknown}
 q - a scroll of noise {unknown}
 t - a scroll of torment {unknown}
 u - a scroll of fear {unknown}
Potions
 b - a potion of lignification
 m - a potion of might {unknown}
 o - a potion of enlightenment {unknown}
 p - a potion of cancellation {unknown}
 r - a potion of attraction {unknown}


   Skills:
 + Level 3.1 Fighting
 + Level 1.8 Short Blades
 + Level 1.8 Long Blades
 + Level 1.8 Axes
 + Level 1.8 Maces & Flails
 + Level 1.8 Polearms
 + Level 1.8 Staves
 + Level 1.8 Ranged Weapons
 + Level 1.8 Throwing
 + Level 1.8 Armour
 + Level 4.9 Dodging
 + Level 1.8 Stealth
 + Level 1.8 Shields
 + Level 6.8 Unarmed Combat
 + Level 1.8 Spellcasting
 + Level 1.4 Conjurations
 + Level 1.4 Hexes
 + Level 1.4 Summonings
 + Level 1.4 Necromancy
 + Level 1.4 Translocations
 + Level 1.4 Transmutations
 + Level 1.4 Fire Magic
 + Level 1.4 Ice Magic
 + Level 1.4 Air Magic
 + Level 1.4 Earth Magic
 + Level 1.4 Poison Magic
 + Level 2.0 Invocations
 + Level 1.8 Evocations
 + Level 6.7 Shapeshifting


You had 8 spell levels left.
You didn't know any spells.
Your spell library contained the following spells:

 Spells                   Type           Power      Damage    Failure   Level
 Freeze                   Ice            8%         1d3       22%         1
 Sting                    Tmut/Pois      8%         1d3       22%         1
 Summon Small Mammal      Summ           8%         N/A       22%         1
 Cigotuvi's Dreadful Rot  Necr/Pois/Air  4%         N/A       32%         2
 Ensorcelled Hibernation  Hex/Ice        4%         N/A       32%         2
 Jinxbite                 Hex            4%         N/A       32%         2
 Passwall                 Tmut/Erth      1%         N/A       32%         2
 Poisonous Vapours        Pois/Air       4%         N/A       32%         2
 Call Canine Familiar     Summ           2%         N/A       54%         3
 Frozen Ramparts          Ice            4%         1d1       54%         3
 Hailstorm                Conj/Ice       2%         3d3       54%         3
 Summon Guardian Golem    Hex/Summ       2%         N/A       54%         3
 Swiftness                Air            2%         N/A       54%         3
 Anguish                  Hex/Necr       1%         N/A       91%         4
 Animate Armour           Summ/Erth      4%         N/A       91%         4
 Dispel Undead            Necr           2%         3d7       91%         4
 Olgreb's Toxic Radiance  Pois           2%         N/A       91%         4
 Summon Lightning Spire   Summ/Air       2%         N/A       91%         4
 Lee's Rapid Deconstruct  Erth           1%         3d4*      99%         5
 Death Channel            Necr           1%         N/A       100%        6


Dungeon Overview and Level Annotations

Branches:
Dungeon (4/15)
 Temple: D:4-7

Altars:
Fedhas

Annotations:
D:4 Robin


Innate Abilities, Weirdness & Mutations

You are a hulking beast.
Your limbs bulge with bestial killing power. (Slay +3)
You have very sharp teeth.
Your uncanny sense of smell can sniff out nearby items.
Your experience applies equally to all skills.


Message History

The goblin barely misses you. The scorpion misses you.
You closely miss the scorpion.
The scorpion is severely wounded.
You feel very sick.
The hobgoblin shouts!
The scorpion barely misses you. The goblin misses you.
You closely miss the scorpion.
The scorpion is severely wounded.
You feel very sick. You block the scorpion's attack.
The goblin barely misses you. The scorpion misses you.
You hit the scorpion.
You bite the scorpion, but do no damage.
The scorpion is severely wounded.
You feel sick. The goblin hits you with a +0 dagger.
* * * LOW HITPOINT WARNING * * *
The scorpion stings you.
* * * LOW HITPOINT WARNING * * *
You are lethally poisoned!
The scorpion poisons you! The goblin hits you but does no damage.
Robin roars a battlecry!
You sock the scorpion!
You feel better.
You kill the scorpion!
* * * LOW HITPOINT WARNING * * *
You feel very sick. Robin throws the goblin at you!
* * * LOW HITPOINT WARNING * * *
The goblin completely misses you. The goblin barely misses you.
Your Invocations skill increases to level 2!
You have reached level 6!
It was a potion of curing.
You feel better. The goblin completely misses you.
The goblin hits you with a +0 dagger.
* * * LOW HITPOINT WARNING * * *
You thump the goblin!
You kill the goblin!
The goblin closely misses you.
You barely miss the goblin. Robin throws the goblin at you!
* * * LOW HITPOINT WARNING * * *
The goblin hits you with a +0 club.
You die...

#...# ###.≈...... #...#
##.≈..≈≈≈≈.≈ ##.##
#..≈.≈.§§§.≈ ##.#
#..≈.≈._.≈.≈ #...#####
#..≈.≈§..≈.≈
#..$....###..≈.≈§§≈≈.≈
#.....#..≈.......≈
##g.#.##.≈≈≈≈≈≈≈≈≈
#h#.#.##......§...
#...ggg##.#.#####.#####.
#.##gg# #.#.####..# #g.
..#......## #.
######.### .. #.# .. #.#
#.. ∆ #.# ..#


You could see Robin, 2 hobgoblins and 4 goblins.

Vanquished Creatures
  A kobold brigand (D:4)
  A scorpion (D:4)
  5 adders (D:3)
  2 worms
  2 orcs
  7 ball pythons
  3 endoplasms
  3 giant cockroaches
  7 goblins
  5 hobgoblins
  5 quokkas
  6 bats
  4 frilled lizards
  7 kobolds
  4 rats
62 creatures vanquished.

Notes
Turn   | Place    | Note
-------+----------+-------------------------------------------
     0 | D:1      | innerfire43 the Gnoll Shapeshifter began the quest for the
                  | Orb.
     0 | D:1      | Reached XP level 1. HP: 17/17 MP: 1/1
   261 | D:1      | Reached XP level 2. HP: 15/23 MP: 2/2
   913 | D:2      | Reached XP level 3. HP: 26/28 MP: 3/3
  1201 | D:2      | Reached skill level 1 in Invocations
  1384 | D:3      | Reached skill level 1 in Short Blades
  1384 | D:3      | Reached skill level 1 in Long Blades
  1384 | D:3      | Reached skill level 1 in Axes
  1384 | D:3      | Reached skill level 1 in Maces & Flails
  1384 | D:3      | Reached skill level 1 in Polearms
  1384 | D:3      | Reached skill level 1 in Staves
  1384 | D:3      | Reached skill level 1 in Ranged Weapons
  1384 | D:3      | Reached skill level 1 in Throwing
  1384 | D:3      | Reached skill level 1 in Armour
  1384 | D:3      | Reached skill level 1 in Stealth
  1384 | D:3      | Reached skill level 1 in Shields
  1384 | D:3      | Reached skill level 1 in Spellcasting
  1384 | D:3      | Reached skill level 1 in Evocations
  1489 | D:3      | Reached XP level 4. HP: 21/34 MP: 5/5
  1715 | D:3      | Reached skill level 1 in Conjurations
  1715 | D:3      | Reached skill level 1 in Hexes
  1715 | D:3      | Reached skill level 1 in Summonings
  1715 | D:3      | Reached skill level 1 in Necromancy
  1715 | D:3      | Reached skill level 1 in Translocations
  1715 | D:3      | Reached skill level 1 in Transmutations
  1715 | D:3      | Reached skill level 1 in Fire Magic
  1715 | D:3      | Reached skill level 1 in Ice Magic
  1715 | D:3      | Reached skill level 1 in Air Magic
  1715 | D:3      | Reached skill level 1 in Earth Magic
  1715 | D:3      | Reached skill level 1 in Poison Magic
  2361 | D:4      | Noticed a kobold brigand
  2370 | D:4      | Killed a kobold brigand
  2371 | D:4      | Reached XP level 5. HP: 36/41 MP: 7/7
  2513 | D:4      | Identified the +2 flail of the Middle {vamp, Str+7 Int-2
                  | Dex+3}
  2558 | D:4      | Found a blossoming altar of Fedhas.
  2598 | D:4      | Noticed Robin
  2607 | D:4      | Reached XP level 6. HP: 6/47 MP: 8/8
  2609 | D:4      | Slain by a goblin

Illustrated notes

Levels and vault maps discovered:
D:1:      dpeg_arrival_arbitrary_c, layout_basic
D:2:      layout_basic, amcnicky_mini_corridor_feature
D:3:      layout_basic, chequers_avenue, nicolae_half_adder
D:4:      layout_loops_cross, mainiacjoe_overflow_concentric_impassable,
          serial_shops, shop, uniq_robin

Skill      XL: |  1  2  3  4  5 |
---------------+----------------+-----
Invocations    | 1 2 |  2.0
Short Blades   | 1 |  1.8
Long Blades    | 1 |  1.8
Axes           | 1 |  1.8
Maces & Flails | 1 |  1.8
Polearms       | 1 |  1.8
Staves         | 1 |  1.8
Ranged Weapons | 1 |  1.8
Throwing       | 1 |  1.8
Armour         | 1 |  1.8
Stealth        | 1 |  1.8
Shields        | 1 |  1.8
Spellcasting   | 1 |  1.8
Evocations     | 1 |  1.8
Conjurations   | 1 |  1.4
Hexes          | 1 |  1.4
Summonings     | 1 |  1.4
Necromancy     | 1 |  1.4
Translocations | 1 |  1.4
Transmutations | 1 |  1.4
Fire Magic     | 1 |  1.4
Ice Magic      | 1 |  1.4
Air Magic      | 1 |  1.4
Earth Magic    | 1 |  1.4
Poison Magic   | 1 |  1.4
Fighting       | 3 |  3.1
Dodging        | |  4.9
Unarmed Combat | |  6.8
Shapeshifting  | |  6.7

Action                     |  1- 3 |  4- 6 || total
---------------------------+-------+-------++-------
  Melee: Unarmed           |   110 |    64 ||   174
         Bite              |     7 |     8 ||    15
         Flail             |       |    13 ||    13
    Use: Potion            |       |     1 ||     1
   Stab: Sleeping          |       |     1 ||     1
 Armour: Animal skin       |    42 |    29 ||    71
  Dodge: Dodged            |    59 |    43 ||   102
  Block: Other             |    19 |    14 ||    33
   Form: Flux              |     1 |       ||     1
         Beast             |       |     1 ||     1

Table legend: (Time is in decaauts)
 A = Elapsed time spent in this place.
 B = Non-inter-level travel time spent in this place.
 C = Inter-level travel time spent in this place.
 D = Time resting spent in this place.
 E = Time spent auto-exploring this place.
 F = Levels seen in this place.
 G = Mean time per level.
                   A        B        C        D        E       F      G
               +--------+--------+--------+--------+--------+-----+--------+
         Total |   2590 |   2405 |    185 |      0 |   1968 |   4 |  647.5 |
       Dungeon |   2590 |   2405 |    185 |      0 |   1968 |   4 |  647.5 |
               +--------+--------+--------+--------+--------+-----+--------+

Top non-repeatable levels by time:
     D:3: 966 daAuts
     D:1: 774 daAuts
     D:2: 573 daAuts
     D:4: 276 daAuts
